 Dungeon Crawl Stone Soup version 0.28.0-45-g0d030f2227 (webtiles) character file.

Game seed: 6789877685864306687

102 garethmagis the Slasher (level 4, -2/55 HPs)
             Began as a Demonspawn Berserker on Apr 9, 2022.
             Slain by a polar bear (17 damage)
             ... created by the rage of Trog
             ... on level 3 of the Dungeon.
             The game lasted 00:04:15 (2419 turns).

garethmagis the Slasher (Demonspawn Berserker)      Turns: 2419, Time: 00:04:16

Health: -2/55      AC:  4    Str: 20    XL:     4   Next: 50%
Magic:  4/4        EV: 12    Int:  8    God:
Gold:   24         SH:  0    Dex: 12    Spells: 3/3 levels left

rFire   . . .      SeeInvis +   k - +11 hand axe of Qazlal's Displeasure {pain, *Rage SInv Stlth+}
rCold   . . .      Faith    .   (no shield)
rNeg    . . .      Spirit   .   b - +0 animal skin
rPois   .          Reflect  .   (no helmet)
rElec   .          Harm     .   (no cloak)
rCorr   .          Rampage  .   (no gloves)
Will    .....      Rage     20% (no boots)
Stlth   ..........              (no amulet)
HPRegen 0.18/turn               (no ring)
MPRegen 0.09/turn               (no ring)

@: mighty, berserking, very quick
A: slimy green scales 1, powered by pain 1, demonic magic 1
a: no special abilities


You were on level 3 of the Dungeon.
You visited 1 branch of the dungeon, and saw 3 of its levels.

You collected 24 gold pieces.

Inventory:

Hand Weapons
 a - a +0 falchion
 k - the +11 hand axe of Qazlal's Displeasure (weapon) {pain, *Rage SInv Stlth+}
   (You found it on level 3 of the Dungeon)

   In the hands of one skilled in necromantic magic, it inflicts extra damage on
   living creatures.
   SInv:      It lets you see invisible.
   *Rage:     It berserks you when you make melee attacks (+20% chance).
   Stlth:     It makes you more stealthy.
Armour
 b - a +0 animal skin (worn)
Scrolls
 d - a scroll of fear {unknown}
 f - 2 scrolls of identify {unknown}
 g - a scroll of fog {unknown}
 i - a scroll of amnesia {unknown}
 j - 2 scrolls of silence {unknown}
Potions
 c - a potion of ambrosia {unknown}
 e - 3 potions of curing {unknown}
 h - a potion of mutation {unknown}
 l - a potion of degeneration {unknown}


   Skills:
 + Level 3.7 Fighting
 + Level 3.7 Long Blades
 + Level 0.1 Axes
 + Level 2.0 Armour
 + Level 2.3 Dodging
 + Level 0.7 Stealth


You had 3 spell levels left.
You didn't know any spells.
Your spell library was empty.

Dungeon Overview and Level Annotations

Branches:
Dungeon (3/15)

Altars:


Innate Abilities, Weirdness & Mutations

You are partially covered in slimy green scales. (AC +2)
You sometimes gain a little power by taking damage.
Spells you cast may paralyse adjacent enemies.


Message History

Found 28 arrows.
The helpless rat fails to defend itself.
You hit the rat but do no damage. The rat barely misses you.
You hit the rat.
You kill the rat!
You see here a rat corpse.
You see here 28 arrows.
Found a stone staircase leading up.
You see here a +0 hunting sling.
Trog sends monsters to punish you.
A black bear and 3 polar bears come into view.
You slash the polar bear!
The polar bear is lightly wounded.
A red film seems to cover your vision as you go berserk!
You feel yourself moving faster!
You feel mighty!
You slash the polar bear!
The polar bear is moderately wounded.
The polar bear bites you.
The polar bear claws you but does no damage.
The polar bear claws you. The polar bear misses you.
The polar bear claws you but does no damage.
The polar bear claws you.
Unknown command.
You slash the polar bear!
The polar bear is heavily wounded.
You hit the black bear. The black bear bites you!
You focus on the pain.
You feel very mighty all of a sudden. The black bear claws you.
The black bear closely misses you. The polar bear barely misses you.
The polar bear claws you. The polar bear barely misses you.
You slice the polar bear!!
The polar bear is severely wounded.
You slash the polar bear! The polar bear closely misses you.
The polar bear claws you. x2; The polar bear barely misses you.
The polar bear claws you.
* * * LOW HITPOINT WARNING * * *
The polar bear closely misses you.
You slash the polar bear! You punch the polar bear!
The polar bear is almost dead.
You hit the polar bear. The polar bear bites you!
You die...

#.####.#
#......######
...........>#
###########.#
#.# #.# #.# #
#.######.#
#...hh@hh#
#..#######
#..# #..# #..#
### #..# ..#
#######..# ..#
#.....#..#
..###.###.#..#


You could see 3 polar bears and a black bear (berserk).

Vanquished Creatures
  Natasha (D:3)
  2 adders (D:2)
  2 dart slugs
  A bat (D:2)
  7 endoplasms
  3 giant cockroaches
  3 goblins
  9 hobgoblins
  4 jackals (D:2)
  A quokka (D:2)
  6 ball pythons
  2 frilled lizards
  5 kobolds
  5 rats
51 creatures vanquished.

Vanquished Creatures (others)
  2 fungi (D:1)
2 creatures vanquished.

Grand Total: 53 creatures vanquished

Notes
Turn   | Place    | Note
-------+----------+-------------------------------------------
     0 | D:1      | garethmagis the Demonspawn Berserker began the quest for
                  | the Orb.
     0 | D:1      | Reached XP level 1. HP: 18/18 MP: 1/1
    19 | D:1      | Found a faded altar of an unknown god.
   284 | D:1      | Gained mutation: Spells you cast may paralyse adjacent
                  | enemies. [demonic ancestry]
   284 | D:1      | Reached XP level 2. HP: 20/24 MP: 2/2
  1053 | D:2      | Reached ** piety under Trog
  1062 | D:2      | Gained mutation: You are partially covered in slimy green
                  | scales. (AC +2) [demonic ancestry]
  1062 | D:2      | Reached XP level 3. HP: 22/29 MP: 3/3
  1656 | D:2      | Gained mutation: You sometimes gain a little power by
                  | taking damage. [demonic ancestry]
  1656 | D:2      | Reached XP level 4. HP: 31/35 MP: 4/4
  1949 | D:3      | Identified the +11 hand axe of Qazlal's Displeasure {pain,
                  | *Rage SInv Stlth+}
  1969 | D:3      | Fell from the grace of Trog
  2165 | D:3      | Noticed Natasha
  2171 | D:3      | Killed Natasha
  2415 | D:3      | Noticed a black bear
  2415 | D:3      | Noticed a polar bear
  2415 | D:3      | Noticed a polar bear
  2415 | D:3      | Noticed a polar bear
  2419 | D:3      | Slain by a polar bear

Illustrated notes

Levels and vault maps discovered:
D:1:      dpeg_arrival_short_road, layout_rooms, serial_forest,
          infiniplex_forest_zigzag_1, infiniplex_forest_lined_1,
          infiniplex_forest_side_room, infiniplex_forest_clump_diagonal,
          infiniplex_forest_clump_tiny, infiniplex_forest_lined_1,
          infiniplex_forest_lined_ring, basic_ecumenical_altar,
          columned_hall_lemuel, minmay_shallow_snake_nest
D:2:      layout_basic
D:3:      layout_basic, uniq_natasha

Skill      XL: |  1  2 |
---------------+-------+-----
Armour         | 2 |  2.0
Long Blades    | 3 |  3.7
Dodging        | 2 |  2.3
Fighting       | |  3.7
Axes           | |  0.1
Stealth        | |  0.7

Action                   |  1- 3 |  4- 6 || total
-------------------------+-------+-------++-------
Melee: Falchion          |   111 |    12 ||   123
       Hand axe          |       |    14 ||    14
       Punch             |       |     1 ||     1
Invok: Renounce Religion |       |     1 ||     1
 Stab: Sleeping          |     2 |     3 ||     5
Armor: Animal skin       |    27 |     4 ||    31
Dodge: Dodged            |    74 |    19 ||    93
